Map: Dusk Towers

Players

LiquidSnute (Snute) - Winner!

  • Race: Zerg Zerg
  • League: Grandmaster

Serral

  • Race: Zerg Zerg
  • League: Grandmaster

Event: 2016 WCS Winter Challenger Europe

VOD

Have the link to the VOD?

Description

Time

  • Played on: Feb. 13, 2016, 11:55 a.m.
  • Length: 13:56

All games in this series

Show
View Real Time Build Order
Export as new Build Order

LiquidSnute Zerg - Winner!

Build Orders: Hatch First 

Get SALT Encoding   

  12  0:01  Drone  
  13  0:12  Overlord  
  13  0:17  Drone  
  14  0:30  Drone x2  
  14  0:34  Drone  
  17  0:51  Hatchery  
  17  0:54  Drone  
  17  0:57  Drone  
  18  1:10  Spawning Pool  
  17  1:14  Drone  
  17  1:17  Drone  
  19  1:36  Hatchery  
  19  1:39  Drone  
  19  1:42  Drone  
  19  1:44  Extractor  
  19  1:56  Queen  
  21  2:03  Queen  
  21  2:07  Overlord  
  23  2:11  Zergling x2  
  23  2:14  Drone  
  25  2:18  Drone  
  25  2:20  Drone  
  27  2:24  Drone  
  27  2:27  Drone  
  29  2:32  Drone  
  30  2:39  Queen  
  32  2:44  Overlord  
  32  2:48  Drone  
  33  2:51  Drone  
  33  2:56  Drone x2  
  33  2:57  Drone  
  37  3:03  Metabolic Boost  
  37  3:04  Drone  
  38  3:12  Extractor  
  37  3:13  Baneling Nest  
  37  3:14  Drone x2  
  37  3:17  Drone  
  39  3:22  Drone x2  
  39  3:23  Drone  
  39  3:25  Drone  
  42  3:28  Zergling x4  
  45  3:34  Zergling x6  
  45  3:37  Overlord  
  48  3:43  Zergling x4  
  48  3:47  Overlord  
  50  3:49  Lair  
  50  3:57  Baneling  
  50  4:00  Drone x4  
  50  4:01  Drone x4  
  58  4:04  Overlord  
  58  4:13  Drone x2  
  61  4:17  Drone x2  
  61  4:18  Drone  
  61  4:20  Drone x2  
  61  4:22  Drone x2  
  65  4:26  Drone x2  
  66  4:31  Drone x3  
  66  4:34  Extractor  
  66  4:35  Drone x4  
  72  4:39  Extractor x2  
  72  4:41  Extractor x2  
  72  4:43  Drone x2  
  70  4:52  Drone  
  71  5:07  Spire  
  70  5:09  Drone x2  
  70  5:10  Overlord x2  
  70  5:11  Hatchery  
  70  5:12  Overlord, Drone x2  
  73  5:21  Overlord  
  73  5:26  Spine Crawler  
  73  5:27  Spine Crawler x2, Overlord  
  70  5:28  Spine Crawler  
  70  5:29  Zergling x6  
  70  5:30  Zergling x10  
  77  6:02  Zergling x6  
  79  6:16  Extractor  
  78  6:18  Mutalisk  
  78  6:19  Mutalisk x11, Extractor  
  78  6:24  Zergling x14  
  105  6:30  Spine Crawler x2  
  104  6:34  Mutalisk x2  
  104  6:38  Zergling x4  
  104  6:39  Zergling x2  
  111  6:43  Spine Crawler  
  109  6:52  Mutalisk x3  
  102  7:01  Zergling x14  
  108  7:10  Mutalisk x2  
  108  7:25  Zergling x16  
  108  7:33  Mutalisk  
  108  7:35  Mutalisk  
  112  7:42  Overlord  
  112  7:45  Overlord x2  
  112  7:58  Overlord  
  112  8:00  Mutalisk  
  112  8:01  Mutalisk x3  
  112  8:03  Overlord  
  112  8:04  Mutalisk x4  
  128  8:12  Mutalisk  
  128  8:21  Mutalisk  
  128  8:26  Mutalisk  
  132  8:28  Mutalisk  
  134  8:37  Mutalisk  
  128  8:46  Mutalisk  
  126  8:49  Zergling x18  
  126  8:50  Zergling x4  
  137  8:59  Spine Crawler x2  
  137  9:01  Spine Crawler  
  137  9:02  Spine Crawler  
  133  9:04  Mutalisk x2  
  133  9:05  Mutalisk x2  
  133  9:09  Baneling x2  
  141  9:12  Zergling x8  
  144  9:21  Spine Crawler  
  144  9:23  Mutalisk x2  
  146  9:24  Spine Crawler  
  146  9:27  Baneling  
  146  9:28  Baneling x3  
  137  9:33  Baneling x4  
  113  9:55  Mutalisk x3  
  113  9:57  Zergling x6  
  113  9:58  Zergling x8  
  118  10:01  Zergling x2  
  118  10:02  Zergling x4  
  118  10:05  Mutalisk  
  123  10:11  Zergling x4  
  125  10:20  Mutalisk x3  
  124  10:23  Baneling x4  
  124  10:24  Baneling  
  124  10:26  Zergling x2  
  125  10:29  Zergling x10  
  125  10:31  Baneling x4  
  125  10:32  Baneling  
  130  10:46  Mutalisk x2  
  121  11:00  Zergling x26  
  121  11:01  Zergling x2  
  125  11:05  Mutalisk  
  125  11:07  Mutalisk  
  125  11:10  Mutalisk  
  131  11:19  Baneling x9  
  131  11:24  Mutalisk  
  133  11:27  Zergling x4  
  133  11:28  Zergling x2  
  136  11:33  Mutalisk  
  134  11:46  Mutalisk  
  134  11:47  Mutalisk x2  
  92  11:55  Mutalisk  
  92  11:56  Zergling x4  
  92  11:57  Zergling x8  
  92  12:00  Mutalisk  
  96  12:16  Mutalisk x2  
  96  12:20  Mutalisk  
  102  12:23  Zergling x2, Baneling x3  
  102  12:24  Zergling x8  
  107  12:30  Mutalisk  
  107  12:35  Baneling x3  
  109  12:43  Mutalisk  
  105  12:47  Mutalisk  
  107  12:56  Zergling x18  
  109  13:02  Mutalisk  
  109  13:05  Baneling x2  
  111  13:10  Mutalisk  
  113  13:14  Baneling x3  
  113  13:15  Baneling x3  
  113  13:16  Baneling  
  113  13:17  Baneling  
  113  13:22  Baneling x4  
  113  13:25  Baneling x3  
  113  13:27  Baneling  
  113  13:29  Zergling x2  
Show
View Real Time Build Order
Export as new Build Order

Serral Zerg 

Build Orders: Hatch First 

Get SALT Encoding   

  12  0:00  Drone  
  13  0:12  Overlord  
  13  0:17  Drone  
  14  0:31  Drone x2  
  14  0:34  Drone  
  17  0:52  Hatchery  
  17  0:55  Drone  
  17  0:58  Drone  
  17  1:00  Extractor  
  17  1:13  Spawning Pool  
  17  1:16  Drone  
  17  1:20  Drone  
  18  1:28  Drone  
  19  1:38  Overlord  
  19  2:00  Queen  
  19  2:01  Baneling Nest, Zergling x4  
  20  2:04  Queen  
  20  2:07  Drone  
  25  2:11  Drone  
  25  2:15  Drone  
  27  2:21  Metabolic Boost  
  27  2:25  Drone  
  27  2:27  Drone  
  29  2:34  Drone  
  29  2:36  Drone  
  31  2:45  Overlord  
  31  2:47  Drone  
  32  2:54  Drone  
  32  2:58  Drone  
  33  3:07  Drone  
  34  3:13  Drone x2  
  34  3:14  Overlord, Drone x3  
  34  3:15  Drone  
  40  3:21  Hatchery  
  39  3:29  Evolution Chamber  
  39  3:32  Zergling x4  
  40  3:35  Zergling x4  
  40  3:40  Drone x3  
  45  3:44  Drone x3, Extractor  
  45  3:46  Overlord  
  47  3:49  Drone  
  47  3:55  Zerg Missile Weapons Level 1  
  48  4:00  Roach Warren  
  47  4:03  Extractor  
  47  4:04  Lair  
  47  4:07  Drone x2  
  48  4:10  Drone  
  48  4:12  Baneling  
  48  4:14  Zergling x4  
  51  4:18  Zergling x6  
  54  4:24  Overlord  
  54  4:29  Drone x3  
  53  4:34  Drone x2  
  53  4:35  Queen  
  56  4:40  Baneling  
  56  4:41  Drone, Baneling  
  57  4:46  Drone x2  
  57  4:47  Drone x3  
  57  4:52  Drone  
  63  4:53  Extractor  
  63  4:55  Overlord  
  63  4:58  Drone x2  
  64  5:00  Queen  
  64  5:02  Glial Reconstitution  
  66  5:10  Overlord  
  66  5:13  Queen  
  68  5:19  Roach x2  
  72  5:21  Nydus Network  
  72  5:23  Roach x2  
  75  5:29  Queen  
  75  5:31  Roach  
  79  5:39  Queen  
  81  5:45  Roach x4  
  87  5:50  Overlord x2  
  87  5:55  Roach  
  89  6:02  Nydus Canal  
  89  6:04  Overlord x2  
  89  6:08  Roach  
  89  6:09  Roach x5  
  89  6:10  Roach  
  101  6:12  Roach  
  101  6:16  Roach  
  105  6:25  Queen x2  
  107  6:28  Nydus Canal  
  109  6:36  Spore Crawler  
  109  6:39  Spore Crawler x2  
  106  6:40  Roach  
  106  6:41  Roach x2  
  106  6:44  Roach x2  
  106  6:46  Roach x2  
  120  6:52  Queen  
  114  6:56  Spore Crawler  
  114  6:57  Spore Crawler x2  
  111  7:07  Roach x3  
  115  7:10  Queen x2  
  115  7:15  Roach  
  118  7:27  Queen  
  116  7:34  Hydralisk Den  
  115  7:41  Overlord x2  
  115  7:43  Drone x4  
  115  7:44  Drone x3  
  122  7:46  Extractor x2, Queen  
  122  7:54  Overlord  
  122  8:06  Hydralisk x2  
  122  8:07  Muscular Augments, Hydralisk x2  
  130  8:17  Spore Crawler  
  130  8:18  Zerg Missile Weapons Level 2, Spore Crawler  
  130  8:19  Hydralisk  
  128  8:26  Hydralisk, Spore Crawler  
  128  8:27  Hydralisk  
  129  8:29  Hydralisk  
  129  8:33  Hydralisk x2  
  137  8:38  Hydralisk  
  137  8:45  Hydralisk x3  
  143  8:49  Hydralisk  
  145  8:56  Overlord  
  145  8:57  Overlord  
  143  9:10  Hydralisk  
  143  9:13  Hydralisk x2  
  143  9:14  Hydralisk x3  
  153  9:20  Hydralisk x3  
  157  9:26  Hydralisk x2  
  157  9:30  Roach  
  157  9:31  Roach  
  155  9:32  Roach  
  155  9:37  Hydralisk x2  
  159  9:43  Hydralisk  
  159  9:44  Hydralisk  
  107  9:53  Hydralisk x3  
  111  10:02  Extractor  
  111  10:03  Queen x2  
  111  10:05  Queen  
  116  10:13  Hydralisk x2  
  118  10:24  Hydralisk x3  
  118  10:25  Hydralisk  
  126  10:35  Hydralisk x3  
  126  10:41  Hydralisk x2  
  136  10:49  Hydralisk x3  
  142  10:55  Hydralisk  
  126  10:57  Hydralisk  
  126  10:58  Hydralisk  
  122  11:05  Hydralisk  
  122  11:06  Hydralisk  
  126  11:12  Roach x2  
  130  11:21  Hydralisk x2  
  130  11:22  Roach x2  
  138  11:31  Roach x2  
  142  11:33  Roach x2  
  144  11:43  Hydralisk x4  
  114  11:48  Hydralisk  
  114  11:51  Hydralisk  
  114  11:54  Hydralisk  
  96  11:59  Extractor  
  97  12:01  Hydralisk x2  
  101  12:11  Hydralisk  
  101  12:12  Hydralisk  
  101  12:13  Roach  
  105  12:26  Hydralisk x3  
  111  12:30  Queen  
  111  12:33  Hydralisk  
  115  12:42  Hydralisk x2  
  107  12:46  Hydralisk  
  105  12:53  Hydralisk x2  
  105  12:55  Hydralisk  
  101  13:04  Hydralisk  
  103  13:06  Queen  
  103  13:08  Hydralisk  
  107  13:14  Roach x2  
  111  13:31  Drone  
  111  13:33  Spore Crawler  
Tags
 
Add a new tag
Caveats
  • Supply blocks, unpowered buildings, or Contaminate may cause inaccurate times.
  • Supply counts are checked every 10 seconds.